 Dungeon Crawl Stone Soup version 0.27.1-33-g824d729ab1 (webtiles) character file.

Game seed: 13234926806154114501

350 RobertSmithOfTheCure the Skirmisher (level 6, 0/57 HPs)
             Began as a Hill Orc Fighter on Dec 11, 2021.
             Succumbed to a water moccasin's poison
             ... on level 3 of the Dungeon.
             The game lasted 00:12:33 (2159 turns).

RobertSmithOfTheCure the Skirmisher (HOFi)          Turns: 2159, Time: 00:12:33

Health: 0/57       AC:  7    Str: 19    XL:     6   Next: 61%
Magic:  6/6        EV:  7    Int:  8    God:
Gold:   48         SH: 10    Dex: 12    Spells: 5/5 levels left

rFire    . . .     SeeInvis .   a - +0 war axe
rCold    . . .     Faith    .   c - +0 kite shield
rNeg     . . .     Spirit   .   b - +0 scale mail
rPois    .         Reflect  .   (no helmet)
rElec    .         Harm     .   (no cloak)
rCorr    .         Rampage  .   (no gloves)
Will     +....                  (no boots)
Stlth    ..........             (no amulet)
HPRegen  0.19/turn              (no ring)
MPRegen  0.10/turn              (no ring)

@: lethally poisoned (0 -> -6)
A: deterioration 1, strong-willed 1, wild magic 1
a: no special abilities


You were on level 3 of the Dungeon.
You visited 1 branch of the dungeon, and saw 3 of its levels.

You collected 48 gold pieces.

Inventory:

Hand Weapons
 a - a +0 war axe (weapon)
Missiles
 f - 3 poisoned darts (quivered)
 i - 16 arrows
Armour
 b - a +0 scale mail (worn)
 c - a +0 kite shield (worn)
 h - a +2 kite shield
Jewellery
 d - a ring of poison resistance
Wands
 e - a wand of mindburst (10)
Scrolls
 g - 2 scrolls of identify


   Skills:
 + Level 6.2 Fighting
 - Level 2.8 Axes
 - Level 4.9 Armour
 - Level 0.2 Stealth
 - Level 5.0 Shields


You had 5 spell levels left.
You didn't know any spells.
Your spell library was empty.

Dungeon Overview and Level Annotations

Branches:
Dungeon (3/15)

Altars:
Sif Muna


Innate Abilities, Weirdness & Mutations

Your body sometimes deteriorates upon taking damage.
You are strong-willed. (Will+)
Your spells are a little harder to cast, but a little more powerful.


Message History

You slash the hound!
The hound is almost dead.
The hound bites you but does no damage. x2
You hit the hound but do no damage.
The hound is almost dead.
The hound closely misses you. You block the hound's attack.
The hound bites you but does no damage.
You hit the hound.
You kill the hound!
The water moccasin bites you.
You are poisoned.
The water moccasin poisons you!
You miss the water moccasin.
You feel very sick. The water moccasin barely misses you.
You block the water moccasin's attack.
You miss the water moccasin.
You feel very sick. The water moccasin bites you!
* * * LOW HITPOINT WARNING * * *
The water moccasin bites you.
* * * LOW HITPOINT WARNING * * *
You are lethally poisoned!
The water moccasin poisons you!
You aren't carrying any potions.
Unknown command.
Okay, then.
You closely miss the water moccasin.
* * * LOW HITPOINT WARNING * * *
You feel very sick. The water moccasin bites you.
* * * LOW HITPOINT WARNING * * *
You block the water moccasin's attack.
* * * LOW HITPOINT WARNING * * *
You feel very sick.
The water moccasin bites you but does no damage.
* * * LOW HITPOINT WARNING * * *
You feel very sick.
* * * LOW HITPOINT WARNING * * *
You feel sick. You block the water moccasin's attack.
You die...

#######....##h##....#
##.............
#..........###
#)########## #r# #.#
#S# #.# #@# #.# ..#
####


You could see a water moccasin and a rat.

Vanquished Creatures
  Grinder (D:3)
  A hound (D:3)
  A centaur skeleton (D:3)
  An adder (D:3)
  A white imp (D:3)
  An ufetubus (D:2)
  6 orcs (D:3)
  4 ball pythons
  5 bats
  8 endoplasms
  3 giant cockroaches
  4 goblins
  6 hobgoblins
  8 jackals (D:1)
  4 quokkas
  3 frilled lizards
  3 kobolds
  12 rats
72 creatures vanquished.

Notes
Turn   | Place    | Note
-------+----------+-------------------------------------------
     0 | D:1      | RobertSmithOfTheCure the Hill Orc Fighter began the quest
                  | for the Orb.
     0 | D:1      | Reached XP level 1. HP: 19/19 MP: 1/1
    91 | D:1      | Reached XP level 2. HP: 27/27 MP: 2/2
    92 | D:1      | Gained mutation: Armour fits poorly on your strangely
                  | shaped body. [potion of mutation]
    92 | D:1      | Gained mutation: You are occasionally teleported next to
                  | monsters. [potion of mutation]
    93 | D:1      | Lost mutation: Armour fits poorly on your strangely shaped
                  | body. [potion of mutation]
    93 | D:1      | Lost mutation: You are occasionally teleported next to
                  | monsters. [potion of mutation]
    93 | D:1      | Gained mutation: Your spells are a little harder to cast,
                  | but a little more powerful. [potion of mutation]
    93 | D:1      | Gained mutation: Your body sometimes deteriorates upon
                  | taking damage. [potion of mutation]
    93 | D:1      | Gained mutation: You are strong-willed. (Will+) [potion of
                  | mutation]
   131 | D:1      | Reached skill level 4 in Fighting
   328 | D:1      | Reached XP level 3. HP: 33/33 MP: 3/3
   846 | D:2      | Found a shimmering blue altar of Sif Muna.
  1143 | D:3      | Reached XP level 4. HP: 34/41 MP: 4/4
  1718 | D:3      | Noticed Grinder
  1741 | D:3      | Killed Grinder
  1742 | D:3      | Reached skill level 5 in Fighting
  1742 | D:3      | Reached skill level 5 in Shields
  1742 | D:3      | Reached XP level 5. HP: 14/48 MP: 5/5
  1742 | D:3      | Reached XP level 6. HP: 17/56 MP: 6/6
  2122 | D:3      | Noticed a water moccasin
  2137 | D:3      | Reached skill level 6 in Fighting
  2158 | D:3      | HP: 1/57 [poisoned by a water moccasin]
  2159 | D:3      | Succumbed to a water moccasin's poison

Illustrated notes

Levels and vault maps discovered:
D:1:      ncdulo_watergridlock, layout_rooms, minivault_27
D:2:      layout_rooms, basic_altar
D:3:      layout_basic, chequers_serial_rivers_micro_a, minmay_divided_ellipse,
          uniq_grinder

Skill      XL: |  1  2  3  4  5  6 |
---------------+-------------------+-----
Fighting       | 4 5 6 |  6.2
Shields        | 4 5 |  5.0
Armour         | 4 |  4.9
Axes           | |  2.8
Stealth        | |  0.2

Action                   |  1- 3 |  4- 6 || total
-------------------------+-------+-------++-------
Melee: War axe           |   103 |   102 ||   205
  Use: Potion            |     5 |     1 ||     6
       Scroll            |     1 |     2 ||     3
Armor: Scale mail        |    42 |    59 ||   101
Dodge: Dodged            |    29 |    27 ||    56
Block: Kite shield       |    62 |    61 ||   123
